 Dungeon Crawl Stone Soup version 0.30.0 (webtiles) character file.

Game seed: 18357257524686547630

154 mallonox the Trooper (level 5, -1/76 HPs)
             Began as a Minotaur Berserker on Sept 16, 2023.
             Was a Believer of Trog.
             Slain by a gnoll bouda
             ... wielding a +0 whip
              (6 damage)
             ... on level 4 of the Dungeon.
             The game lasted 00:04:50 (2187 turns).

mallonox the Trooper (Minotaur Berserker)           Turns: 2187, Time: 00:04:53

Health: -1/76      AC:  8    Str: 24    XL:     5   Next: 13%
Magic:  4/4        EV: 11    Int:  4    God:    Trog [**....]
Gold:   219        SH:  0    Dex: 15    Spells: 4/4 levels left

rFire   + . .        a - +0 hand axe
rCold   . . .        (no shield)
rNeg    . . .        k - +1 ring mail {rF+}
rPois   .            n - +1 hat
rElec   .            j - +0 cloak
rCorr   +            (no gloves)
SInv    .            (no boots)
Will    ++...        (no amulet) Stlth
                     l - +6 ring of dexterity
HPRegen 1.32/turn    m - ring of resist corrosion
MPRegen 0.09/turn

%: no passive effects
@: berserking (expiring), strong-willed, regenerating, very quick
A: horns 2, retaliatory headbutt
a: Renounce Religion, Berserk, Trog's Hand


You were on level 4 of the Dungeon.
You worshipped Trog.
Trog was pleased with you.
You visited 1 branch of the dungeon, and saw 4 of its levels.

You collected 219 gold pieces.

Inventory:

Hand Weapons
 a - a +0 hand axe (weapon)
Armour
 j - a +0 cloak (worn)
 k - a +1 ring mail of fire resistance (worn)
 n - a +1 hat (worn)
Jewellery
 l - a +6 ring of dexterity (left hand)
 m - a ring of resist corrosion (right hand)
Scrolls
 c - 9 scrolls of identify {unknown}
 e - 2 scrolls of blinking {unknown}
 g - a scroll of enchant armour {unknown}
 h - 3 scrolls of vulnerability {unknown}
 i - 2 scrolls of teleportation {unknown}
 o - a scroll of poison {unknown}
Potions
 b - a potion of mutation {unknown}
 d - 3 potions of brilliance {unknown}
 f - a potion of degeneration {unknown}


   Skills:
 + Level 6.6 Fighting
 - Level 3.6 Axes
 + Level 3.5 Armour
 - Level 2.1 Dodging


You had 4 spell levels left.
You didn't know any spells.
Your spell library was empty.

Dungeon Overview and Level Annotations

Branches:
Dungeon (4/15)
 Temple: D:4-7

Altars:
Elyvilon
Okawaru
Ru
Zin


Innate Abilities, Weirdness & Mutations

You have a pair of horns on your head.
You reflexively headbutt those who attack you in melee.


Message History

You kill the gnoll!
Trog accepts your kill. The gnoll misses you.
You have reached level 5!
You hit the gnoll. Your headbutt misses the gnoll.
The gnoll is moderately wounded.
The gnoll closely misses you. You furiously retaliate!
You headbutt the gnoll!
You kill the gnoll!
Trog accepts your kill. The gnoll hits you but does no damage.
The gnoll hits you from afar with a +0 halberd!
* * * LOW HITPOINT WARNING * * *
The gnoll hits you with a +0 spear.
* * * LOW HITPOINT WARNING * * *
Things that are here:
a +0 whip; a +0 spear You slash the gnoll bouda!
Your headbutt misses the gnoll bouda.
The gnoll bouda is heavily wounded.
You barely miss the gnoll. The gnoll bouda barely misses you.
The gnoll hits you from afar with a +0 halberd.
* * * LOW HITPOINT WARNING * * *
You hit the gnoll bouda. Your headbutt misses the gnoll bouda.
The gnoll bouda is severely wounded.
You hit the gnoll. The gnoll hits you with a +0 spear.
* * * LOW HITPOINT WARNING * * *
The gnoll bouda hits you with a +0 whip.
* * * LOW HITPOINT WARNING * * *
You hit the gnoll bouda.
The gnoll bouda is almost dead.
You closely miss the gnoll.
The gnoll hits you from afar with a +0 halberd.
* * * LOW HITPOINT WARNING * * *
The gnoll barely misses you.
You hit the gnoll bouda. Your headbutt misses the gnoll bouda.
The gnoll bouda is almost dead.
You slash the gnoll!
You kill the gnoll!
Trog accepts your kill.
The gnoll bouda hits you with a +0 whip.
You die...

# ..... #.
.....
.##...#
.....# ....#
#...
#.####.g####
.....gSg#..
#.#####@#.#
# #.#.##..#
#..<....#
##........#
#...#.###.
##### #


You could see a gnoll bouda, 2 gnolls and a ball python.

Vanquished Creatures
  Jessica (D:2)
  7 gnolls
  A worm (D:2)
  3 dart slugs (D:2)
  4 bats
  7 endoplasms
  A giant cockroach (D:1)
  5 goblins
  2 hobgoblins
  9 jackals (D:1)
  4 quokkas
  5 ball pythons
  5 frilled lizards
  2 kobolds
  4 rats (D:1)
60 creatures vanquished.

Notes
Turn   | Place    | Note
-------+----------+-------------------------------------------
     0 | D:1      | mallonox the Minotaur Berserker began the quest for the
                  | Orb.
     0 | D:1      | Reached XP level 1. HP: 19/19 MP: 0/0
   154 | D:1      | Reached skill level 4 in Fighting
   175 | D:1      | Reached XP level 2. HP: 27/27 MP: 1/1
   339 | D:1      | Reached ** piety under Trog
   398 | D:1      | Reached XP level 3. HP: 30/35 MP: 2/2
   538 | D:1      | Reached skill level 5 in Fighting
   897 | D:2      | Noticed Jessica
   911 | D:2      | Killed Jessica
   912 | D:2      | Reached XP level 4. HP: 40/44 MP: 3/3
  1198 | D:3      | Reached skill level 6 in Fighting
  1603 | D:3      | Found an iron altar of Okawaru.
  1611 | D:3      | Found a glowing silver altar of Zin.
  1721 | D:3      | Found a white marble altar of Elyvilon.
  2123 | D:3      | Found a sacrificial altar of Ru.
  2182 | D:4      | Reached XP level 5. HP: 25/51 MP: 4/4
  2187 | D:4      | Slain by a gnoll bouda

Illustrated notes

Levels and vault maps discovered:
D:1:      saegor_arrival_simple_d, layout_basic,
          hangedman_abyss_or_decor_lesser_grid
D:2:      layout_rooms, uniq_jessica
D:3:      layout_basic, nicolae_ru_path_of_blood, minitemple, lemuel_tele_altar
D:4:      layout_loops_cross, minmay_between

Skill      XL: |  1  2  3  4 |
---------------+-------------+-----
Fighting       | 4 5 6 |  6.6
Armour         | 3 |  3.5
Axes           | |  3.6
Dodging        | |  2.1

Action                     |  1- 3 |  4- 6 || total
---------------------------+-------+-------++-------
  Melee: Hand axe          |    67 |    40 ||   107
         Headbutt          |     5 |     7 ||    12
 Invoke: Trog's Hand       |     1 |     1 ||     2
         Berserk           |       |     1 ||     1
   Stab: Sleeping          |     1 |       ||     1
 Armour: Animal skin       |    10 |     2 ||    12
         Ring mail         |       |     5 ||     5
  Dodge: Dodged            |    47 |    25 ||    72
